cohdb
Replays
Latest Replays
All Replays
Popular Replays
Top Player Replays
Match Explorer
How It Works
Community
CoH3 Stats
Reddit
Sign in to upload your games and track your stats! →
Sign in with Steam
Match 42585697
Unlisted
Match 42585697
Overview
Messages
Build Orders
End
Panzergrenadier Squad
Panzerpioneer Squad
Selects Italian Infantry
Panzergrenadier Squad
Construct Light Support Kompanie
2.5-tonne Medical Truck
Selects Defensive Operations
Fire Support Elements
Veteran Squad Leaders
Pak 38 Mechanized Group
Selects Prepared Positions
Construct Panzerarmee Kommand
Panzer III L Medium Tank
Emergency Repair Kits
Panzer III L Medium Tank
Selects Obice 305mm Barrage
Vehicle Survival Package
Panzer III L Medium Tank
Tungsten Core Ammunition
Panzer III L Medium Tank
Obice 305mm Barrage
Selects Guastatori Squad
Selects Registered Artillery
Redm61
Zigouigoui
Bran
DrewP
0
0
Comments
sign in to comment!
No comments posted yet!